 Dungeon Crawl Stone Soup version 0.31-a0-1-g4198be8af4 (webtiles) character file.

Game seed: 13123126672774914518

1629 HoaS the Skirmisher (level 9, -6/61 HPs)
             Began as a Formicid Hunter on May 1, 2023.
             Shot with an arrow by a centaur (8 damage)
             ... on level 7 of the Dungeon.
             The game lasted 00:13:22 (5732 turns).

HoaS the Skirmisher (Formicid Hunter)               Turns: 5732, Time: 00:13:24

Health: -6/61      AC:  4    Str: 17    XL:     9   Next: 18%
Magic:  9/9        EV: 12    Int:  8    God:
Gold:   349        SH:  0    Dex: 21    Spells: 8/8 levels left

rFire   . . .        a - +1 shortbow
rCold   . . .        (no shield)
rNeg    . . .        c - +1 leather armour
rPois   .            (helmet unavailable)
rElec   .            (no cloak)
rCorr   .            (no gloves)
SInv    +            (no boots)
Will    .....        (no amulet)
Stlth   ++           l - ring of flight
HPRegen 0.30/turn    (no ring)
MPRegen 0.11/turn

%: no passive effects
@: flying
A: permanent stasis, dig shafts and tunnels, antennae 3, four strong arms
a: Dig, Shaft Self


You were on level 7 of the Dungeon.
You visited 1 branch of the dungeon, and saw 8 of its levels.

You collected 349 gold pieces.

Inventory:

Hand Weapons
 a - a +1 shortbow (weapon)
Armour
 c - a +1 leather armour (worn)
 q - a +1 scale mail of willpower
Jewellery
 l - a ring of flight (left hand)
Wands
 f - a wand of flame (17)
 g - a wand of iceblast (16)
 n - a wand of digging (14)
Scrolls
 b - 2 scrolls of immolation
 i - a scroll of silence
 k - a scroll of magic mapping
 p - 2 scrolls of enchant armour
Potions
 d - a potion of mutation
 m - a potion of heal wounds {unknown}
 o - a potion of invisibility {unknown}
 r - a potion of brilliance {unknown}


   Skills:
 - Level 2.1 Fighting
 + Level 11.7 Ranged Weapons
 - Level 1.7 Dodging
 - Level 1.2 Stealth


You had 8 spell levels left.
You didn't know any spells.
Your spell library contained the following spells:

 Spells                   Type           Power      Damage    Failure   Level
 Sandblast                Erth           0%         2d4       47%         1
 Sting                    Tmut/Pois      0%         1d3       47%         1
 Passwall                 Tmut/Erth      0%         N/A       63%         2
 Poisonous Vapours        Pois/Air       0%         N/A       63%         2
 Mephitic Cloud           Conj/Pois/Air  0%         N/A       85%         3
 Stone Arrow              Conj/Erth      0%         3d7       85%         3
 Olgreb's Toxic Radiance  Pois           0%         N/A       99%         4
 Freezing Cloud           Conj/Ice/Air   0%         6-21      100%        5


Dungeon Overview and Level Annotations

Branches:
Dungeon (8/15)
 Temple: D:4-7         Lair: D:8-11

Altars:
Cheibriados
Dithmenos
Nemelex Xobeh
Okawaru
Vehumet
Yredelemnul

Shops:
D:5 *

Annotations:
D:3 1 transporter
D:7 Maggie


Innate Abilities, Weirdness & Mutations

You cannot be hasted, slowed, berserked, paralysed or teleported.
You can dig through walls and to a lower floor.
You have a pair of large antennae on your head. (SInv)
Your four strong arms can wield two-handed weapons with a shield.


Message History

The bullfrog hits you but does no damage.
The bullfrog hits you.
You shoot an arrow. The arrow hits the bullfrog.
The bullfrog is heavily wounded.
The bullfrog closely misses you.
You shoot an arrow. The arrow hits the bullfrog.
The bullfrog is almost dead.
The bullfrog hits you.
You shoot an arrow. The arrow closely misses the bullfrog.
The bullfrog hits you. x2
You shoot an arrow. The arrow closely misses the bullfrog.
The bullfrog closely misses you.
You shoot an arrow. The arrow hits the bullfrog!
You kill the bullfrog!
You start resting.
A centaur comes into view.
You shoot an arrow. The arrow hits the centaur.
The centaur is lightly wounded.
The centaur wields a +0 shortbow.
The centaur shoots an arrow.
The arrow hits you!
The centaur shoots an arrow.
The arrow hits you!
* * * LOW HITPOINT WARNING * * *
The centaur shoots an arrow.
The arrow closely misses you.
You are too injured to fight recklessly!
Fire: a) +1 shortbow
Press: ? - help, Q - select action, (/) - cycle Shift-Dir - straight line, f/p - centaur
Aim: a centaur, wielding a +0 shortbow (lightly wounded, 77% to hit)
You shoot an arrow. The arrow hits the centaur.
The centaur is moderately wounded.
The centaur shoots an arrow.
The arrow hits you.
* * * LOW HITPOINT WARNING * * *
The centaur shoots an arrow.
The arrow hits you!
* * * LOW HITPOINT WARNING * * *
Fire: a) +1 shortbow
Press: ? - help, Q - select action, (/) - cycle Shift-Dir - straight line, f/p - centaur
Aim: a centaur, wielding a +0 shortbow (moderately wounded, 77% to hit)
You shoot an arrow. The arrow hits the centaur!
The centaur is heavily wounded.
The centaur shoots an arrow.
The arrow hits you!
You die...

...###
......#
.....+
....####
#)...# {{
#....#######
#..........#
#....#####.#
####+##....#
#@# ♣.♣♣
#..........#
#.# .≈.♣#
#..........#
#.# ≈≈≈.#
#..........#
#.# ≈≈≈.#
####'##....#
#.# ≈≈≈.#
##...########
#.# ≈~≈.#
#...........#
#c#♣†≈~♣♣.♣
#...........#
#...≈~≈.c..
#...........#
#.#♣~≈~♣♣[♣


You could see a centaur.

Vanquished Creatures
  A water moccasin (D:7)
  An ice beast (D:7)
  4 ogres
  A sky beast (D:7)
  3 bullfrogs
  2 scorpions
  An electric eel (D:7)
  5 hounds
  A gnoll bouda (D:6)
  3 iguanas
  A sleepcap (D:5)
  Ijyb (D:3)
  Natasha (thrice) (D:3)
  An orc wizard (D:8)
  4 gnolls
  10 adders
  A shadow imp (D:7)
  A white imp (D:7)
  2 ufetubi
  3 worms
  A dart slug (D:3)
  6 orcs
  6 endoplasms
  6 giant cockroaches
  11 goblins
  9 hobgoblins
  9 jackals
  5 quokkas
  5 ball pythons
  5 bats
  7 frilled lizards
  6 kobolds
  A quokka zombie (D:5)
  7 rats
  A rat zombie (D:5)
134 creatures vanquished.

Vanquished Creatures (others)
  10 plants
10 creatures vanquished.

Grand Total: 144 creatures vanquished

Notes
Turn   | Place    | Note
-------+----------+-------------------------------------------
     0 | D:1      | HoaS the Formicid Hunter began the quest for the Orb.
     0 | D:1      | Reached XP level 1. HP: 16/16 MP: 1/1
    31 | D:1      | Reached XP level 2. HP: 22/22 MP: 2/2
   204 | D:1      | Reached XP level 3. HP: 25/27 MP: 3/3
   318 | D:1      | Reached skill level 5 in Ranged Weapons
   845 | D:2      | Reached XP level 4. HP: 33/33 MP: 4/4
  1482 | D:3      | Noticed Natasha
  1491 | D:3      | Killed Natasha
  1492 | D:3      | Reached skill level 6 in Ranged Weapons
  1492 | D:3      | Reached XP level 5. HP: 28/38 MP: 5/5
  1776 | D:3      | Found a sparkling altar of Nemelex Xobeh.
  1776 | D:3      | Found a transporter.
  1777 | D:3      | Noticed a phantom
  1929 | D:3      | Noticed Natasha
  1934 | D:3      | Killed Natasha
  2114 | D:3      | Noticed Natasha
  2117 | D:3      | Killed Natasha
  2135 | D:3      | Reached XP level 6. HP: 44/44 MP: 6/6
  2207 | D:3      | Noticed Ijyb
  2231 | D:3      | Killed Ijyb
  2232 | D:3      | Reached skill level 7 in Ranged Weapons
  2606 | D:4      | Noticed an ogre
  2611 | D:4      | Killed an ogre
  2661 | D:4      | Reached XP level 7. HP: 40/50 MP: 7/7
  2910 | D:4      | Reached skill level 8 in Ranged Weapons
  3066 | D:4      | Found a snail-covered altar of Cheibriados.
  3148 | D:5      | Entered Level 5 of the Dungeon
  3478 | D:5      | Reached skill level 9 in Ranged Weapons
  3536 | D:5      | Reached XP level 8. HP: 56/56 MP: 8/8
  3658 | D:5      | Found a radiant altar of Vehumet.
  3662 | D:5      | Found an iron altar of Okawaru.
  3701 | D:5      | You fall into a shaft and drop 3 floors!
  3869 | D:7      | Reached skill level 10 in Ranged Weapons
  4049 | D:6      | Found a basalt altar of Yredelemnul.
  4316 | D:5      | Found Veproderch's Assorted Antiques.
  5071 | D:6      | Found a shadowy altar of Dithmenos.
  5264 | D:7      | Reached skill level 11 in Ranged Weapons
  5264 | D:7      | Reached XP level 9. HP: 8/61 MP: 9/9
  5462 | D:7      | Noticed Maggie
  5731 | D:7      | HP: 2/61 [centaur/arrow (8)]
  5732 | D:7      | Shot with an arrow by a centaur

Illustrated notes

Levels and vault maps discovered:
D:1:      minmay_arrival_doors, layout_basic
D:2:      layout_basic
D:3:      kennysheep_goblin_castle, layout_loops_ring, grunt_nemelex_the_gamble,
          uniq_natasha
D:4:      layout_gridville, mainiacjoe_overflow_brackets, grunt_ministairs_6
D:5:      layout_loops_ring, nicolae_overflow_squiral, serial_shops,
          nicolae_lakefront_shop, enter_ossuary_4
D:6:      layout_cave_pools, mainiacjoe_overflow_catwalk,
          kennysheep_small_circle
D:7:      nzn_winding_woodlands_three_and_one
          [nzn_winding_woodlands_5x15_parted,
          nzn_winding_woodlands_5x15_pockets,
          nzn_winding_woodlands_5x15_river_crossing,
          nzn_winding_woodlands_center_garden], layout_basic,
          mainiacjoe_overflow_boulevard, lemuel_temple_firewalk_a, uniq_maggie
D:8:      layout_basic, serial_bayou_pond_d

Skill      XL: |  1  2  3  4  5  6  7  8 |
---------------+-------------------------+-----
Ranged Weapons | 5 6 7 9 11 | 11.7
Fighting       | |  2.1
Dodging        | |  1.7
Stealth        | |  1.2

Action                     |  1- 3 |  4- 6 |  7- 9 || total
---------------------------+-------+-------+-------++-------
   Fire: Shortbow          |    69 |   156 |   269 ||   494
    Use: Scroll            |     3 |     5 |     3 ||    11
         Potion            |       |       |     3 ||     3
 Armour: Leather armour    |     8 |    11 |    30 ||    49
  Dodge: Dodged            |    12 |    50 |    92 ||   154

Table legend: (Time is in decaauts)
 A = Elapsed time spent in this place.
 B = Non-inter-level travel time spent in this place.
 C = Inter-level travel time spent in this place.
 D = Time resting spent in this place.
 E = Time spent auto-exploring this place.
 F = Levels seen in this place.
 G = Mean time per level.
                   A        B        C        D        E       F      G
               +--------+--------+--------+--------+--------+-----+--------+
         Total |   5797 |   5464 |    333 |   1116 |   3369 |   8 |  724.6 |
       Dungeon |   5797 |   5464 |    333 |   1116 |   3369 |   8 |  724.6 |
               +--------+--------+--------+--------+--------+-----+--------+

Top non-repeatable levels by time:
     D:3: 1251 daAuts
     D:5: 1062 daAuts
     D:1: 811 daAuts
     D:4: 746 daAuts
     D:7: 608 daAuts
     D:6: 549 daAuts
     D:2: 532 daAuts
     D:8: 235 daAuts
